 Dungeon Crawl Stone Soup version 0.25.1-2-g60ff931df9 (webtiles) character file.

Game seed: 18144802602472047236

1309 Acheron the Firebug (level 8, 0/63 HPs)
             Began as a Hill Orc Fire Elementalist on Aug 23, 2020.
             Was a Follower of Okawaru.
             Slain by an ice beast (9 damage)
             ... on level 7 of the Dungeon.
             The game lasted 00:55:07 (8172 turns).

Acheron the Firebug (Hill Orc Fire Elementalist)    Turns: 8172, Time: 00:55:07

Health: 0/63       AC: 12    Str: 11    XL:     8   Next: 58%
Magic:  12/12      EV:  5    Int: 16    God:    Okawaru [*.....]
Gold:   330        SH:  0    Dex: 12    Spells: 5/12 levels left

rFire    + + .     SeeInvis +   f - +1 hand axe (flame)
rCold    . . .     Gourm    .   (no shield)
rNeg     . . .     Faith    .   D - +0 chain mail {rF+}
rPois    .         Spirit   .   q - +0 helmet
rElec    .         Reflect  .   (no cloak)
rCorr    .         Harm     .   F - +1 pair of gloves
MR       .....                  (no boots)
Stlth    ..........             (no amulet)
HPRegen  0.20/turn              x - ring of protection from fire
MPRegen  0.13/turn              a - ring of see invisible

@: no status effects
A: no striking features
a: Heroism, Renounce Religion


You were on level 7 of the Dungeon.
You worshipped Okawaru.
Okawaru was aware of your devotion.
You were not hungry.

You visited 1 branch of the dungeon, and saw 8 of its levels.

You collected 330 gold pieces.

Inventory:

Hand Weapons
 e - a +0 hand axe
 f - a +1 hand axe of flaming (weapon)
 h - a +3 scythe
 j - a +0 vorpal long sword
 n - a +0 vorpal flail
 t - a +0 hunting sling
 u - a +2 short sword of draining
 w - a +2 dagger of electrocution
 B - a +1 trident of venom
 E - a +3 battleaxe
Missiles
 b - 81 stones
 k - 23 sling bullets
 m - 7 boomerangs (quivered)
 p - 5 javelins
 y - 25 poisoned darts
Armour
 i - a +2 robe of cold resistance
 q - a +0 helmet (worn)
 r - a +0 leather armour
 D - a +0 chain mail of fire resistance (worn)
 F - a +1 pair of gloves (worn)
Jewellery
 a - a ring of see invisible (right hand)
 x - a ring of protection from fire (left hand)
Scrolls
 z - a scroll of remove curse
Potions
 d - 2 potions of lignification
 g - a potion of curing
 l - 3 potions of haste
 o - a potion of ambrosia
 s - a potion of mutation {unknown}
 v - 2 potions of berserk rage
 G - a potion of might
Comestibles
 c - 3 rations


   Skills:
 * Level 3.5 Fighting
 - Level 4.0 Short Blades
 + Level 1.4 Axes
 * Level 2.2 Throwing
 * Level 2.4 Armour
 * Level 3.0 Dodging
 * Level 3.6 Stealth
 * Level 2.8 Spellcasting
 * Level 3.0 Conjurations
 * Level 0.9 Translocations
 * Level 4.7 Fire Magic
 * Level 1.4 Invocations


You had 5 spell levels left.
You knew the following spells:

 Your Spells              Type           Power        Failure   Level  Hunger
a - Foxfire               Conj/Fire      ##..         89%         1    #......
b - Conjure Flame         Conj/Fire      ##......     99%         3    ###....
c - Apportation           Tloc           #.....       100%        1    #......
d - Corona                Hex            #......      100%        1    #......
e - Animate Skeleton      Necr           N/A          100%        1    #......

Your spell library contained the following spells:

 Spells                   Type           Power        Failure   Level  Hunger
 Summon Small Mammal      Summ           #...         100%        1    #......
 Inner Flame              Hex/Fire       #.......     100%        3    ###....
 Sticky Flame             Conj/Fire      ##......     100%        4    #####..
 Fireball                 Conj/Fire      ##........   100%        5    ######.


Dungeon Overview and Level Annotations

Branches:
Dungeon (8/15)
 Temple: D:4-7         Lair: D:8-11

Altars:
Cheibriados
Fedhas
Hepliaklqana
Okawaru
Wu Jian
Yredelemnul

Annotations:
D:6 2 transporters, DerDa's ghost, novice GnWn; Prince Ribbit


Message History

The ice beast is moderately wounded.
The ice beast hits you but does no damage.
You hit the ice beast but do no damage.
The ice beast is moderately wounded.
The ice beast hits you but does no damage.
You hit the ice beast.
You melt the ice beast.
The ice beast is severely wounded.
The ice beast hits you. The ice beast freezes you!
* * * LOW HITPOINT WARNING * * *
Your chain mail prevents you from hitting the ice beast.
The ice beast is severely wounded.
The ice beast hits you but does no damage. x2
You closely miss the ice beast.
The ice beast is severely wounded.
The ice beast hits you but does no damage.
Okay, then.
You fail to use your ability.
The ice beast hits you.
* * * LOW HITPOINT WARNING * * *
The ice beast freezes you!
You die...

............##.#...#....
...##...#...............
#...##..##...##.........
.[#....####.##.........
.......###...#.####....
................#.#...>
....#..................
....##.Y...............
#@###.##.......... #†#
#............. #.#
##............ ..#
.....[...... .#..# ..#
.##.#....... .#..# ...#
###...... #..s# ....
...... #(... ..... #....
.... ##....


You could see an ice beast.

Vanquished Creatures
  Sigmund (D:5)
  An orc warrior (D:6)
  An ogre (D:4)
  A bullfrog (D:6)
  3 scorpions
  2 howler monkeys
  2 crimson imps
  An orc priest (D:3)
  4 hounds
  3 orc wizards
  A bullfrog skeleton (D:4)
  A centaur skeleton (D:7)
  3 worker ants
  2 iguanas
  A worker ant zombie (D:5)
  4 gnolls
  3 adders
  A shadow imp (D:7)
  2 adder zombies
  An adder skeleton (D:7)
  A dart slug (D:1)
  A leopard gecko (D:8)
  19 orcs
  7 giant cockroaches
  9 goblins
  10 hobgoblins
  6 jackals
  10 kobolds
  2 quokkas
  7 bats
  6 frilled lizards
  8 rats
124 creatures vanquished.

Vanquished Creatures (others)
  99 foxfires
99 creatures vanquished.

Grand Total: 223 creatures vanquished

Notes
Turn   | Place    | Note
-------+----------+-------------------------------------------
     0 | D:1      | Acheron the Hill Orc Fire Elementalist began the quest for
                  | the Orb.
     0 | D:1      | Reached XP level 1. HP: 14/14 MP: 3/3
   254 | D:1      | Reached XP level 2. HP: 22/22 MP: 1/4
  1107 | D:1      | Reached XP level 3. HP: 27/27 MP: 2/5
  1171 | D:2      | Learned a level 3 spell: Conjure Flame
  1321 | D:2      | Reached skill level 1 in Fighting
  1900 | D:4      | Reached skill level 1 in Short Blades
  1900 | D:4      | Reached XP level 4. HP: 3/35 MP: 7/7
  2566 | D:2      | Reached XP level 5. HP: 40/40 MP: 5/8
  3169 | D:3      | Reached skill level 1 in Throwing
  3169 | D:3      | Reached XP level 6. HP: 46/48 MP: 9/9
  3793 | D:3      | Reached skill level 1 in Armour
  4570 | D:3      | Reached XP level 7. HP: 39/55 MP: 10/10
  4952 | D:5      | Entered Level 5 of the Dungeon
  5029 | D:5      | Found an iron altar of Okawaru.
  5074 | D:5      | Became a worshipper of Warmaster Okawaru
  5125 | D:5      | Noticed Sigmund
  5158 | D:6      | Found a transporter.
  5162 | D:6      | Noticed DerDa's ghost (novice GnWn)
  5163 | D:6      | Identified the +9 great mace of Slow Death {vorpal, +Inv
                  | rPois rC+}
  5163 | D:6      | Noticed a two-headed ogre
  5172 | D:6      | Found a transporter.
  5236 | D:6      | Noticed Prince Ribbit
  5279 | D:5      | Killed Sigmund
  6000 | D:5      | Found an ornate altar of the Wu Jian Council.
  6185 | D:6      | Learned a level 1 spell: Apportation
  6187 | D:6      | Learned a level 1 spell: Corona
  6189 | D:6      | Learned a level 1 spell: Animate Skeleton
  6357 | D:6      | Reached XP level 8. HP: 31/62 MP: 11/11
  6524 | D:6      | Found a blossoming altar of Fedhas.
  6524 | D:6      | Found a hazy altar of Hepliaklqana.
  6530 | D:6      | Found a snail-covered altar of Cheibriados.
  6555 | D:6      | Reached * piety under Okawaru
  6842 | D:6      | Reached skill level 1 in Invocations
  7225 | D:6      | HP: 2/63 [hound (5)]
  7598 | D:8      | Found a basalt altar of Yredelemnul.
  7628 | D:8      | Noticed a hornet
  7628 | D:8      | Noticed a hornet
  7707 | D:6      | Reached skill level 1 in Axes
  8172 | D:7      | Slain by an ice beast

Illustrated notes

Levels and vault maps discovered:
D:1:      roderic_chinese_lattice_arrival, layout_basic
D:2:      layout_loops_ring, kennysheep_generic_room_16
D:3:      layout_loops_corners
D:4:      layout_cave_pools, nicolae_ru_sacrificial_ziggurat, first_ration,
          hangedman_decor_riveting, kennysheep_nondescript,
          minmay_fractal_squares_5
D:5:      layout_basic, old_standard_altar, yredelemnul_forgotten_temple_becter,
          okawaru_ov_weapons_minmay, uniq_sigmund
D:6:      layout_basic, gammafunk_temple_overflow_forgotten,
          gammafunk_ghost_smash, uniq_prince_ribbit1
D:7:      layout_cave_pools, minmay_temple_entry_statues
D:8:      layout_rooms, nicolae_gozag_cash_rules_everything_around_me,
          basic_altar, hangedman_pestilent_swarm, uniq_harold

Skill      XL: |  1  2  3  4  5  6  7  8 |
---------------+-------------------------+-----
Stealth        | 2 3 |  3.6
Fighting       | 1 2 3 |  3.5
Spellcasting   | 2 |  2.8
Short Blades   | 1 2 3 4 |  4.0
Dodging        | 2 3 |  3.0
Throwing       | 1 2 |  2.2
Armour         | 1 2 |  2.4
Conjurations   | 2 3 |  3.0
Fire Magic     | 4 |  4.7
Invocations    | 1 |  1.4
Axes           | 1 |  1.4
Translocations | |  0.9

Action                   |  1- 3 |  4- 6 |  7- 9 || total
-------------------------+-------+-------+-------++-------
Melee: Short sword       |    81 |   170 |   120 ||   371
       Hand axe          |       |       |   138 ||   138
Throw: Boomerang         |     3 |       |     9 ||    12
 Cast: Foxfire           |    34 |    16 |     9 ||    59
       Conjure Flame     |       |       |     1 ||     1
  Use: Scroll            |     4 |     5 |     8 ||    17
       Potion            |       |     1 |     3 ||     4
 Stab: Sleeping          |     3 |       |     1 ||     4
       Invisible         |       |       |     4 ||     4
       Distracted        |       |       |     1 ||     1
  Eat: Chunk             |     4 |     5 |     8 ||    17
       Ration            |       |     1 |     2 ||     3
Armor: Robe              |     9 |       |    47 ||    56
       Leather armour    |     9 |    41 |    10 ||    60
       Chain mail        |       |       |    35 ||    35
Dodge: Dodged            |    60 |   100 |   172 ||   332
